 Dungeon Crawl Stone Soup version 0.19-a0-1195-ge0bab27 (webtiles) character file.

3249 Sixotanaka the Summoner (level 9, -3/57 HPs)
             Began as a Vampire Summoner on Aug 19, 2016.
             Was a Follower of Sif Muna.
             Slain by an ogre
             ... wielding a +0 giant club
              (24 damage)
             ... on level 7 of the Dungeon.
             The game lasted 00:28:41 (9172 turns).

Sixotanaka the Summoner (Vampire Summoner)          Turns: 9172, Time: 00:28:42

Health: -3/57      AC:  3    Str:  7    XL:     9   Next: 67%
Magic:  1/12       EV: 17    Int: 20    God:    Sif Muna [*.....]
Gold:   307        SH:  0    Dex: 15    Spells: 3 memorised, 4 levels left

rFire  . . .     SeeInvis +     r - +4 short sword
rCold  + + .     Gourm    .     a - +0 robe
rNeg   + + +     Faith    .     (no shield)
rPois  +         Spirit   .     (no helmet)
rElec  .         Dismiss  .     i - +0 cloak
rCorr  .         Reflect  .     (no gloves)
MR     .....     Harm     .     (no boots)
Stlth  +++.......               u - amulet of regeneration
                                t - ring of wizardry
                                (no ring)

@: very slightly contaminated, regenerating slowly, slowed, no casting, very
slow
A: fangs 3, see invisible, unbreathing
a: Bat Form, Stop Divine Energy, Renounce Religion


You were on level 7 of the Dungeon.
You worshipped Sif Muna.
Sif Muna was aware of your devotion.
You were near bloodless.

You visited 2 branches of the dungeon, and saw 9 of its levels.
You also visited: Ossuary.

You collected 307 gold pieces.


Innate Abilities, Weirdness & Mutations

You heal slowly.
You have razor-sharp teeth.
You have supernaturally acute eyesight. (SInv)
You can survive without breathing.


   Skills:
 - Level 7.1 Short Blades
 + Level 7.3 Dodging
 - Level 3.8 Stealth
 - Level 2.0 Spellcasting
 + Level 8.1 Summonings
 - Level 7.1 Air Magic


You had 4 spell levels left.
You knew the following spells:

 Your Spells              Type           Power        Failure   Level  Hunger
a - Summon Small Mammal   Summ           ####         1%          1    #......
b - Call Canine Familiar  Summ           ####....     1%          3    ###....
c - Summon Lightning Spi  Summ/Air       ####....     4%          4    #####..


Dungeon Overview and Level Annotations

Branches:
Dungeon (8/15)             Temple (1/1) D:6
   Lair: D:8-11

Altars:
Dithmenos
Kikubaaqudgha
Ru
Sif Muna
Trog
Yredelemnul

Annotations:
D:5 Grinder
D:8 Gastronok

Inventory:

Hand Weapons
 r - a +4 short sword (weapon)
   (You took it off an orc on level 4 of the Dungeon)
Missiles
 y - 2 throwing nets (quivered) {!f}
Armour
 a - a +0 robe (worn)
 i - a +0 cloak (worn)
   (You found it on level 1 of the Dungeon)
 o - a +0 buckler
   (You found it on level 3 of the Dungeon)
Jewellery
 t - a ring of wizardry (right hand)
   (You found it on level 4 of the Dungeon)
 u - an amulet of regeneration (around neck)
   (You took it off an orc priest on level 4 of the Dungeon)
Wands
 e - a wand of confusion (20/48)
   (You found it on level 5 of the Dungeon)
Scrolls
 d - 3 scrolls of magic mapping
 f - a scroll of amnesia {unknown}
 g - 2 scrolls of noise {unknown}
 h - 3 scrolls of remove curse {@r2}
 l - a scroll of random uselessness {unknown}
 n - 2 scrolls of enchant armour
 p - a scroll of recharging {unknown}
 v - 3 scrolls of teleportation {unknown}
 w - a scroll of identify {@r1}
Potions
 c - 25 potions of blood {@q0}
 j - 3 potions of might {unknown}
 k - 2 potions of curing {@q1}
 q - 2 potions of resistance {unknown}
 s - 2 potions of heal wounds {unknown}
 x - 2 potions of cure mutation {unknown}
 z - 2 potions of flight {unknown}
 A - a potion of lignification {unknown}
 B - a potion of mutation {unknown}
Books
 b - a book of Callings

#......# #.....#
#......# #.....#
#......# #.....#
#......# #.o...#
#......# #.h.>.#
#......# #.....#
#......# #.....#
#......# #O....#
####......# #@#####
..........######....#
..........#....##...#
..........#.........#
..........#.........#
...)#######.........#
....#....##...###...#
....#....##...###...#
....#...<.#.........#


You could see an ogre, an orc wizard and a friendly hound.


Message History

You don't have enough magic at the moment.
The jelly hits your lightning spire.
Your lightning spire is splashed with acid.
The acid corrodes your lightning spire!
The orc wizard barely misses your lightning spire.
The ogre barely misses you. The jelly hits your lightning spire.
Your lightning spire is splashed with acid.
The acid corrodes your lightning spire!
Your lightning spire shoots out a bolt of lightning at the jelly!
The bolt of electricity hits the jelly.
The jelly dies!
Sif Muna accepts your kill.
The bolt of electricity hits your lightning spire.
Your lightning spire completely resists.
The bolt of electricity hits your lightning spire.
Your lightning spire completely resists.
There is a stone staircase leading up here.
The orc wizard misses you. The ogre hits you with a giant club!!
* * * LOW HITPOINT WARNING * * *
The orc wizard casts a spell at you. The magic dart hits you!
* * * LOW HITPOINT WARNING * * *
The ogre closely misses you.
You climb upwards.
There is a stone staircase leading down here.
The orc wizard mumbles some strange words.
The orc wizard blinks!
The orc wizard closely misses you. The orc wizard misses you.
The orc wizard gestures at you while chanting.
The magic dart hits you!
* * * LOW HITPOINT WARNING * * *
You feel better.
The orc wizard hits you but does no damage.
The ogre barely misses you.
The orc wizard hits you but does no damage.
The ogre closely misses you.
Okay, then.
Sif Muna will now grant you divine energy when your reserves of magic are depleted.
You will briefly lose access to your magic after casting a spell in this manner.
Okay, then.
Sif Muna grants you divine energy.
You briefly lose access to your magic!
The orc wizard mumbles some strange words.
The orc wizard blinks!
The ogre closely misses you.
The orc wizard mumbles some strange words.
The orc wizard blinks!
Your hound closely misses the orc wizard.
The orc wizard misses your hound. The ogre hits you with a giant club!!
You die...

Vault maps used:
D:1:      shiori_shiawase
D:2:      serial_bayou_pond_e, kennysheep_generic_room_15, uniq_sigmund
D:3:      first_bread, uniq_jessica
D:5:      enter_ossuary_5, uniq_grinder
D:7:      the_bakery, uniq_menkaure, uniq_pikel
D:8:      lair_0_dummy, serial_shops, shop, uniq_gastronok
Temple:   minmay_crystal_snake_temple
Ossuary:  ossuary_tomb_1

Vanquished Creatures
  The ghost of wearedevo the Shooter, an amateur NaHu (D:4)
  A yak (D:7)
  The ghost of NervFog the Sneak, an amateur FeMo (D:5)
  A phantom (D:7)
  An orc warrior (D:6)
  An ogre (D:7)
  A necrophage (D:6)
  A centaur (D:7)
  A scorpion (D:4)
  A killer bee (D:7)
  A wight (D:7)
  4 crimson imps
  A giant frog zombie (D:5)
  A human zombie (Ossuary)
  An orc wizard (D:7)
  Jessica (D:3)
  An iguana (D:6)
  2 worker ants
  A big kobold zombie (Ossuary)
  A mummy (Ossuary)
  3 adders
  A gnoll (D:7)
  A shadow imp (D:7)
  An ooze (D:4)
  A worm (D:2)
  2 dart slugs
  7 orcs
  4 giant cockroaches
  2 goblins
  6 hobgoblins
  2 jackals (D:6)
  3 kobolds
  7 bats
  4 kobold zombies (Ossuary)
  A quokka skeleton (D:4)
  5 rats
74 creatures vanquished.

Vanquished Creatures (collateral kills)
  Pikel (D:7)
  The ghost of Ellandar the Cleaver, a novice MiFi (D:6)
  Sigmund (D:2)
  3 yaks (D:7)
  A spriggan (D:7)
  Menkaure (D:7)
  3 slaves (D:7)
  An ice beast (D:6)
  2 orc warriors (D:7)
  4 ogres
  2 centaurs
  A giant frog (D:6)
  A scorpion (D:4)
  4 killer bees (D:7)
  2 jellies
  4 wights (D:7)
  A howler monkey (D:6)
  2 centaur zombies (Ossuary)
  3 crimson imps
  A quasit (D:7)
  2 hounds
  5 orc priests
  A giant frog skeleton (D:5)
  3 orc wizards
  An iguana (D:6)
  2 worker ants
  A mummy (Ossuary)
  9 gnolls
  7 adders
  A shadow imp (D:7)
  2 oozes
  3 adder zombies (Ossuary)
  An adder skeleton (D:7)
  3 worms
  A dart slug (D:2)
  A giant gecko (D:1)
  14 orcs
  5 giant cockroaches
  5 goblins
  2 hobgoblins
  6 jackals
  6 kobolds
  A ball python (D:3)
  4 bats
  3 goblin zombies (Ossuary)
  4 hobgoblin zombies (Ossuary)
  11 kobold zombies (Ossuary)
  7 orc zombies (Ossuary)
  A quokka skeleton (D:7)
  5 rats
  A rat zombie (Ossuary)
157 creatures vanquished.

Vanquished Creatures (others)
  A slave (D:7)
  An orc wizard (D:7)
2 creatures vanquished.

Grand Total: 233 creatures vanquished

Table legend:
 A = Turns spent in this place as a percentage of turns spent in the entire game.
 B = Non-inter-level travel turns spent in this place as a percentage of non-inter-level travel turns spent in the entire game.
 C = Inter-level travel turns spent in this place as a percentage of turns spent in this place.
 D = Turns resting spent in this place as a percentage of non-inter-level travel turns spent in this place.
 E = Turns spent auto-exploring this place as a percentage of non-inter-level travel turns spent in this place.
 F = Non-inter-level travel turns spent in this place divided by the number of levels of this place that you've seen.
                   A       B       C       D       E      F
               +-------+-------+-------+-------+-------+----------------------
         Total | 100.0 | 100.0 |   0.3 |   6.6 |  10.7 | 265.4
       Dungeon |  91.1 |  91.1 |   0.3 |   6.6 |  11.1 | 302.1
        Temple |   0.6 |   0.6 |   6.2 |   0.0 |  13.3 |  15.0
       Ossuary |   8.3 |   8.4 |   0.0 |   6.8 |   6.3 | 222.0
               +-------+-------+-------+-------+-------+----------------------

Table legend:
 A = Kills in this place as a percentage of kills in entire the game.
 B = Kills by you in this place as a percentage of kills by you in the entire game.
 C = Kills by friends in this place as a percentage of kills by friends in the entire game.
 D = Other kills in this place as a percentage of other kills in the entire game.
 E = Experience gained in this place as a percentage of experience gained in the entire game.
 F = Experience gained in this place divided by the number of levels of this place that you have seen.
                   A       B       C       D       E      F
               +-------+-------+-------+-------+-------+----------------------
         Total | 100.0 | 100.0 | 100.0 |  -nan | 100.0 | 464.2
       Dungeon |  82.9 |  90.5 |  79.2 |  -nan |  96.6 | 560.5
       Ossuary |  17.1 |   9.5 |  20.8 |  -nan |   3.4 | 158.0
               +-------+-------+-------+-------+-------+----------------------

Notes
Turn   | Place    | Note
-------+----------+-------------------------------------------
     0 | D:1      | Sixotanaka the Vampire Summoner began the quest for the Orb.
     0 | D:1      | Reached XP level 1. HP: 13/13 MP: 3/3
   112 | D:1      | HP: 3/13 [kobold/dagger (3)]
   431 | D:1      | Reached XP level 2. HP: 14/19 MP: 3/5
   922 | D:1      | Reached XP level 3. HP: 12/24 MP: 1/6
   971 | D:1      | Learned a level 3 spell: Call Canine Familiar
  1447 | D:2      | Reached skill level 1 in Short Blades
  1514 | D:2      | Noticed Sigmund
  1526 | D:2      | Killed Sigmund
  1526 | D:2      | Reached skill level 2 in Short Blades
  1526 | D:2      | Reached skill level 5 in Summonings
  1526 | D:2      | Reached XP level 4. HP: 30/30 MP: 1/7
  2086 | D:2      | Reached XP level 5. HP: 35/35 MP: 8/8
  2144 | D:2      | You fall through a shaft!
  2799 | D:3      | Noticed Jessica
  2802 | D:3      | Killed Jessica
  2928 | D:4      | Reached skill level 6 in Summonings
  2942 | D:4      | Learned a level 4 spell: Summon Lightning Spire
  3917 | D:4      | Reached XP level 6. HP: 13/41 MP: 1/9
  4262 | D:4      | Reached skill level 3 in Short Blades
  4262 | D:4      | Reached skill level 1 in Air Magic
  4351 | D:4      | Noticed wearedevo's ghost (amateur NaHu)
  4367 | D:4      | Killed wearedevo's ghost
  4367 | D:4      | Reached skill level 4 in Short Blades
  4367 | D:4      | Reached skill level 2 in Air Magic
  4671 | D:4      | HP: 8/41 [orc priest/flail (9)]
  5092 | D:5      | Entered Level 5 of the Dungeon
  5105 | D:5      | Found a sand-covered staircase.
  5110 | Ossuary  | Entered an ossuary
  5378 | Ossuary  | Reached XP level 7. HP: 46/46 MP: 2/10
  5662 | D:5      | Reached skill level 3 in Air Magic
  5694 | D:5      | Reached skill level 5 in Short Blades
  5705 | D:5      | Noticed NervFog's ghost (amateur FeMo)
  5716 | D:5      | Killed NervFog's ghost
  5835 | D:5      | Noticed Grinder
  5960 | D:6      | Reached skill level 4 in Air Magic
  6061 | D:6      | Reached skill level 6 in Short Blades
  6206 | D:6      | Reached XP level 8. HP: 52/52 MP: 7/11
  6235 | D:6      | Noticed Ellandar's ghost (novice MiFi)
  6245 | D:6      | Killed Ellandar's ghost
  6245 | D:6      | Reached skill level 5 in Air Magic
  6259 | D:6      | Reached skill level 7 in Short Blades
  6586 | D:6      | Found a staircase to the Ecumenical Temple.
  6599 | Temple   | Entered the Ecumenical Temple
  6628 | Temple   | Became a worshipper of Sif Muna the Loreminder
  6807 | D:6      | Reached skill level 3 in Dodging
  6899 | D:6      | Reached skill level 6 in Air Magic
  7303 | D:7      | Noticed Pikel
  7304 | D:7      | Reached skill level 4 in Dodging
  7582 | D:7      | Killed Pikel
  7582 | D:7      | Reached XP level 9. HP: 57/57 MP: 7/12
  7684 | D:7      | Reached skill level 7 in Air Magic
  7692 | D:7      | Reached skill level 5 in Dodging
  7996 | D:7      | Reached skill level 7 in Summonings
  8001 | D:7      | Reached skill level 6 in Dodging
  8072 | D:7      | Reached * piety under Sif Muna
  8082 | D:7      | Sixotanaka: yo
  8228 | D:7      | Noticed Menkaure
  8236 | D:7      | Killed Menkaure
  8594 | D:7      | Reached skill level 7 in Dodging
  8723 | D:7      | Reached skill level 8 in Summonings
  9110 | D:8      | Noticed Gastronok
  9165 | D:8      | HP: 13/57 [orc wizard/magic dart (7)]
  9172 | D:7      | Slain by an ogre

Action                   |  1- 3 |  4- 6 |  7- 9 || total
-------------------------+-------+-------+-------++-------
Melee: Unarmed           |     9 |       |       ||     9
       Dagger            |    72 |   138 |    45 ||   255
       Bite              |    11 |     9 |    18 ||    38
       Short sword       |       |       |   142 ||   142
Throw: Throwing net      |       |       |     1 ||     1
 Cast: Summon Small Mamm |    39 |    28 |    35 ||   102
       Call Canine Famil |    11 |    25 |    30 ||    66
       Summon Lightning  |       |     3 |    47 ||    50
Invok: Divine Energy     |       |       |     2 ||     2
       Stop Divine Energ |       |       |     1 ||     1
  Use: Potion            |     1 |    11 |    15 ||    27
       Scroll            |       |     7 |     3 ||    10
 Stab: Sleeping          |     3 |    11 |     6 ||    20
       Distracted        |     2 |     4 |     7 ||    13
Armor: Robe              |    19 |    21 |    26 ||    66
Dodge: Dodged            |    55 |    67 |   115 ||   237
